 Dungeon Crawl Stone Soup version 0.29.0-5-ge4962eb29e (webtiles) character file.

Game seed: 1110405245270748001

81 voltaire321 the Ducker (level 4, -5/34 HPs)
             Began as a Merfolk Artificer on Aug 29, 2022.
             Succumbed to a gnoll's poison
             ... on level 3 of the Dungeon.
             The game lasted 00:04:30 (2495 turns).

voltaire321 the Ducker (Merfolk Artificer)          Turns: 2495, Time: 00:04:31

Health: -5/34      AC:  6    Str: 12    XL:     4   Next: 40%
Magic:  4/4        EV: 12    Int: 10    God:
Gold:   103        SH:  0    Dex: 16    Spells: 3/3 levels left

rFire   + . .      SeeInvis .   p - +0 long sword
rCold   + . .      Faith    .   (no shield)
rNeg    . . .      Spirit   .   i - +0 ring mail
rPois   +          Reflect  .   (no helmet)
rElec   +          Harm     .   (no cloak)
rCorr   +          Rampage  .   (no gloves)
Will    .....                   b - +0 pair of boots
Stlth   +.........              (no amulet)
HPRegen 0.11/turn               (no ring)
MPRegen 0.09/turn               (no ring)

@: lethally poisoned (-5 -> -32), resistant, attractive
A: (nimble swimmer 2), mertail
a: no special abilities


You were on level 3 of the Dungeon.
You visited 1 branch of the dungeon, and saw 3 of its levels.

You collected 103 gold pieces.

Inventory:

Hand Weapons
 p - a +0 long sword (weapon)
Missiles
 r - 4 poisoned darts
Armour
 b - a +0 pair of boots (worn)
 i - a +0 ring mail (worn)
Jewellery
 f - a ring of ice
Wands
 c - a wand of flame (15) (quivered)
 d - a wand of charming (15)
 e - a wand of iceblast (5)
Scrolls
 a - a scroll of vulnerability {unknown}
 k - 2 scrolls of identify {unknown}
 l - 2 scrolls of teleportation {unknown}
 m - a scroll of blinking {unknown}
 q - a scroll of fear {unknown}
Potions
 g - a potion of attraction
 j - a potion of magic {unknown}
 n - a potion of mutation {unknown}
 o - a potion of might {unknown}
 s - a potion of curing {unknown}


   Skills:
 + Level 2.3 Fighting
 + Level 1.4 Armour
 + Level 3.7 Dodging
 - Level 1.1 Stealth
 + Level 3.6 Evocations


You had 3 spell levels left.
You didn't know any spells.
Your spell library contained the following spells:

 Spells                   Type           Power      Damage    Failure   Level
 Static Discharge         Conj/Air       0%         3-3/arc   77%         2
 Dispel Undead            Necr           0%         3d6       100%        4
 Sticky Flame             Conj/Fire      0%         2d3       100%        4


Dungeon Overview and Level Annotations

Branches:
Dungeon (3/15)

Altars:

Annotations:
D:3 1 transporter


Innate Abilities, Weirdness & Mutations

((You are very nimble when in or above water. (Stealth+, EV+, Speed+++)))
Your lower body shifts to a powerful aquatic tail in water.


Message History

You closely miss the gnoll. The gnoll misses you. The gnoll closely misses you.
You hit the gnoll.
The gnoll is heavily wounded.
The gnoll closely misses you.
You barely miss the gnoll.
The gnoll is heavily wounded.
The gnoll barely misses you.
You hit the gnoll.
The gnoll is almost dead.
The gnoll barely misses you.
The gnoll hits you from afar with a +0 spear.
The gnoll closely misses you.
You slash the gnoll!
You kill the gnoll!
The gnoll hits you from afar with a +0 spear.
You hit the gnoll.
The gnoll is moderately wounded.
The gnoll closely misses you. x2
The gnoll hits you from afar with a +0 spear.
The gnoll hits you with a +2 whip of venom.
You are poisoned.
You hit the gnoll but do no damage.
The gnoll is moderately wounded.
You feel sick.
The gnoll hits you with a +2 whip of venom.
* * * LOW HITPOINT WARNING * * *
You are lethally poisoned!
The gnoll barely misses you.
It was a potion of attraction.
You feel attractive to monsters.
* * * LOW HITPOINT WARNING * * *
You feel very sick.
The gnoll hits you with a +2 whip of venom.
* * * LOW HITPOINT WARNING * * *
You are more poisoned.
The gnoll hits you from afar with a +0 spear.
* * * LOW HITPOINT WARNING * * *
It was a potion of resistance.
You feel protected.
You die...

#######.# #....~_$....
##...#...## ...~$~..#
#.........## ......##...
..........<# #........g
...........# #..#
...........# ###..##.#.#
..........## #...).....#
...........#######g##....###
)...#......##...@g.#..#...#
†##.....##....####......#.#
.##.....##.#.#.......###....
##. .##.....##...#.##..#...
.#.####..
.##.....###............### #
#...
.##.....##....###©####...
#... .............##©## ####
#... ............##... .#
#... .........##.# ..
#.##...


You could see 2 gnolls.

Vanquished Creatures
  A gnoll (D:3)
  An adder (D:3)
  A worm (D:2)
  3 dart slugs
  3 bats
  3 endoplasms
  2 giant cockroaches (D:1)
  8 goblins
  10 hobgoblins
  5 ball pythons
  4 frilled lizards
  2 kobolds (D:3)
  7 rats
50 creatures vanquished.

Notes
Turn   | Place    | Note
-------+----------+-------------------------------------------
     0 | D:1      | voltaire321 the Merfolk Artificer began the quest for the
                  | Orb.
     0 | D:1      | Reached XP level 1. HP: 15/15 MP: 1/1
   463 | D:1      | Reached XP level 2. HP: 18/21 MP: 2/2
   625 | D:1      | Reached skill level 1 in Armour
  1189 | D:1      | Reached XP level 3. HP: 25/27 MP: 3/3
  2181 | D:3      | Reached XP level 4. HP: 27/33 MP: 4/4
  2370 | D:3      | Found a transporter.
  2379 | D:3      | Found a faded altar of an unknown god.
  2494 | D:3      | HP: 1/34 [gnoll/+0 spear (2)]
  2495 | D:3      | Succumbed to a gnoll's poison

Illustrated notes

Levels and vault maps discovered:
D:1:      dpeg_arrival_boxorama, layout_basic
D:2:      layout_loops_cross
D:3:      layout_rooms, gammafunk_ghost_stat_death,
          hellmonk_ecumenical_altar_pennies_from_heaven, uniq_robin

Skill      XL: |  1  2  3 |
---------------+----------+-----
Dodging        | 3 |  3.7
Armour         | 1 |  1.4
Fighting       | 2 |  2.3
Stealth        | |  1.1
Evocations     | |  3.6

Action                   |  1- 3 |  4- 6 || total
-------------------------+-------+-------++-------
Melee: Spear             |   125 |       ||   125
       Long sword        |    29 |    41 ||    70
  Use: Potion            |       |     2 ||     2
 Stab: Sleeping          |     2 |       ||     2
Armor: Ring mail         |    41 |    12 ||    53
       Leather armour    |     3 |       ||     3
Dodge: Dodged            |    92 |    30 ||   122
